woodfighter, chaotic female orcish Cavewoman -------- |......| --------------- --------- |......| |.............| |.>.....| |......| |......<......| ##### |........#####|......| |.........@...| ----------.-- |...*...| #.......| -+-.-------u--- |`.........`| |.......| |......| ###### #############......`.....| #........| -------- # # ## |...-----...| ###|.......| ### ### ## |...|.{.|...| # --------- # # #%#...`.{.{|`..-####### ######## # |...|.{.|...| # ---.-- #####....-----...| ######## |..^.| # # |.....`.....| --.--- |.....#%###### |`.........`| |..^)-#### |....| # ------------- |....| |....|### |....| |....+# ------ ------ woodfighter the Young Cave Woman Experience level: 6 Strength: 18 Dexterity: 10 Constitution: 18 Intelligence: 14 Wisdom: 11 Charisma: 8 Health: 0(58) Energy: 20(20) Def: 11 Gold: 0 Moves: 3482 Dungeon seed: zDOJqUS55RjY1bQh Game ID: woodfighter_1499541332 Your Inventory: Weapons a - a blessed +1 club named Club of Justice (weapon in hand) b - a +2 sling (alternate weapon; not wielded) z - a +0 dwarvish spear Armor q - an uncursed +0 Uruk-hai shield (being worn) r - an uncursed +0 dwarvish cloak y - a cursed -1 mummy wrapping E - a cursed -1 dwarvish cloak F - an uncursed +0 dwarvish mithril-coat (being worn) N - an uncursed +0 dwarvish iron helm (being worn) Y - an uncursed +1 pair of iron shoes (being worn) Comestibles d - 2 uncursed food rations D - an uncursed eucalyptus leaf Z - an uncursed lizard corpse Scrolls i - a cursed scroll of water j - an uncursed scroll of gold detection Potions k - an uncursed potion of blindness R - a blessed potion of hallucination S - an uncursed potion of hallucination T - a cursed potion of hallucination Wands n - a wand of enlightenment (0:14) p - a wand of enlightenment (0:12) I - a wand of slow monster (0:6) Tools l - an uncursed sack s - an uncursed oilskin sack Gems e - 7 uncursed flints (in quiver) Contents of the oilskin sack: 866 gold pieces an uncursed scroll of confuse monster an uncursed scroll of enchant armor a blessed scroll of enchant weapon a blessed scroll of identify an uncursed scroll of identify an uncursed scroll of magic mapping an uncursed scroll of remove curse a [uncursed] scroll of scare monster an uncursed scroll of water an uncursed spellbook of sleep an uncursed potion of hallucination a [uncursed] potion of speed an uncursed potion of water Spells and supernatural/magical abilities: Name Level Category Fail Memory W - pray for help -- divine ? -- Your skills at the end: Miscellaneous Skills bare handed combat [Basic] Weapon Skills scimitar [Basic] club [Basic] sling [Basic] Spellcasting Skills Final Attributes: You were piously aligned. You were poison resistant. Your writing hand was ok. You had infravision. You were somewhat stealthy. You were lucky. You are dead. Vanquished creatures: a lizard a gnome king a brown pudding a jaguar a blue jelly a gnome mummy 4 Uruk-hai a pony 2 gnome lords a gnomish wizard a kobold mummy a floating eye a kitten 3 dwarves a kobold lord 2 iguanas a rothe a rabid rat 2 jitterbugs a giant bat an orc zombie a dwarf zombie 2 gas spores 8 gnomes 8 manes 5 jackals a kobold 8 newts a sewer rat a grid bug 2 bats 4 lichens 70 creatures vanquished. Voluntary challenges: You did not adorn yourself with jewelry or accessories. You did not cause conflict. You were not invisible. You did not have reflection. You were not displaced. You used a wielded weapon 123 times, starting on turn 117. You did not apply a unicorn horn. You did not use plumbed fixtures. You did not drink any magical draughts. You read items or engraved 2 times, starting on turn 3218. You never genocided any monsters. You never polymorphed an object. You never changed form. You used no wishes. You never split a pudding. You never wrote Elbereth's name. You never violated your personal moral code. Dungeon overview: The Dungeons of Doom: levels 1 to 8 Level 1 (vault) an altar to Ishtar, a fountain a long staircase Level 2 (locked) a fountain Level 3 some fountains stairs to The Gnomish Mines Level 4 a fountain Level 5 an altar to Ishtar Level 6 an armor shop, a fountain Level 7 <- You were here many fountains Level 8 The Gnomish Mines: levels 4 to 5 Level 4 stairs to The Dungeons of Doom Level 5 History has recorded: On T:1 you entered the Dungeons of Doom to retrieve the Amulet of Yendor! On T:129 you reached level 2 of The Dungeons of Doom. On T:581 you advanced to experience level 2. On T:816 you reached level 3 of The Dungeons of Doom. On T:1099 you reached level 1 of The Gnomish Mines. On T:1109 you advanced to experience level 3. On T:1115 you advanced to experience level 4. On T:1194 you reached level 2 of The Gnomish Mines. On T:1303 you reached level 4 of The Dungeons of Doom. On T:1326 you advanced to experience level 5. On T:1551 you reached level 5 of The Dungeons of Doom. On T:1905 you reached level 6 of The Dungeons of Doom. On T:2607 you reached level 7 of The Dungeons of Doom. On T:2665 you prayed to Anshar. On T:2669 you advanced to experience level 6. On T:3205 you reached level 8 of The Dungeons of Doom. On T:3383 you prayed to Anshar. Score breakdown: Gold: 866 ( 86 points) Experience: 6 levels ( 500 points) Exploration: 8 levels ( 210 points) Discoveries: 23 items ( 1150 points) Variety of kills: 32 monsters ( 1600 points) Major goal: (nothing yet) ( 0 points) Survival: died (score multiplied by 3) Total score: 10638 Latest messages: Nowhere else around here can be automatically explored. Where do you want to travel to? You stop travelling. Nowhere else around here can be automatically explored. Where do you want to travel to? You feel agile! You must have been working on your reflexes. Where do you want to travel to? You stop travelling. The white unicorn butts! The white unicorn kicks! The white unicorn misses. The white unicorn just misses! The white unicorn just misses! The white unicorn misses. The white unicorn butts! The white unicorn kicks! You hit the white unicorn! The white unicorn butts! You die... The sack is empty. The sack is empty. Final status: Goodbye woodfighter the Cavewoman, killed by a white unicorn... You died in The Dungeons of Doom on dungeon level 7 with 10638 points, and 866 pieces of gold, after 3482 moves. You were level 6 with a maximum of 58 hit points when you died.